 Dungeon Crawl Stone Soup version 0.30.1-11-g7821555f0a (webtiles) character file.

Game seed: 3157141618949610371

40 booth the Trooper (level 3, -4/29 HPs)
             Began as a Demonspawn Monk on Nov 3, 2023.
             Slain by Terence
             ... wielding a +2 antimagic flail
              (10 damage)
             ... on level 2 of the Dungeon.
             The game lasted 00:07:57 (1573 turns).

booth the Trooper (Demonspawn Monk)                 Turns: 1573, Time: 00:07:57

Health: -4/29      AC:  6    Str: 13    XL:     3   Next: 30%
Magic:  3/3        EV: 12    Int: 11    God:
Gold:   86         SH:  0    Dex: 15    Spells: 2/2 levels left

rFire   . . .        a - +0 hand axe
rCold   . . .        l - +2 buckler
rNeg    . . .        b - +2 robe
rPois   .            (no helmet)
rElec   .            m - +1 cloak
rCorr   .            (no gloves)
SInv    .            (no boots)
Will    .....        (no amulet)
Stlth   +            (no ring)
HPRegen 0.24/turn    (no ring)
MPRegen 0.08/turn

%: no passive effects
@: confused, ambrosia-drunk
A: ignite blood 1
a: no special abilities


You were on level 2 of the Dungeon.
You visited 1 branch of the dungeon, and saw 2 of its levels.

You collected 86 gold pieces.

Inventory:

Hand Weapons
 a - a +0 hand axe (weapon)
Missiles
 f - 3 poisoned darts (quivered)
Armour
 b - a +2 robe (worn)
 l - a +2 buckler (worn)
 m - a +1 cloak (worn)
 n - a +0 ring mail
Jewellery
 e - a ring of magical power
Scrolls
 g - a scroll of amnesia {unknown}
 j - a scroll of teleportation
 k - 3 scrolls of identify {unknown}
Potions
 d - a potion of magic {unknown}
 h - a potion of degeneration {unknown}
 i - a potion of mutation {unknown}


   Skills:
 + Level 3.3 Fighting
 * Level 3.3 Axes
 + Level 3.1 Dodging


You had 2 spell levels left.
You didn't know any spells.
Your spell library contained the following spells:

 Spells                   Type           Power      Damage    Failure   Level
 Apportation              Tloc           0%         N/A       45%         1
 Foxfire                  Conj/Fire      0%         2x1d4     45%         1
 Necrotise                Necr           0%         1d4       45%         1
 Slow                     Hex            0%         N/A       45%         1
 Summon Small Mammal      Summ           0%         N/A       45%         1
 Ensorcelled Hibernation  Hex/Ice        0%         N/A       58%         2
 Sublimation of Blood     Necr           0%         N/A       58%         2
 Wereblood                Tmut           0%         N/A       58%         2
 Confusing Touch          Hex            0%         N/A       83%         3
 Spider Form              Tmut/Pois      0%         N/A       83%         3
 Vampiric Draining        Necr           0%         2d6       83%         3
 Anguish                  Hex/Necr       0%         N/A       99%         4
 Fireball                 Conj/Fire      0%         3d3       100%        5
 Plasma Beam              Fire/Air       0%         2x1d11    100%        6
 Starburst                Conj/Fire      0%         6d3       100%        6
 Summon Hydra             Summ           0%         N/A       100%        7


Dungeon Overview and Level Annotations

Branches:
Dungeon (2/15)

Altars:
Vehumet

Annotations:
D:2 Terence


Innate Abilities, Weirdness & Mutations

Your demonic aura sometimes causes spilled blood to erupt in flames.


Message History

Aim: Terence, wielding a +2 antimagic flail and wearing a +0 scale mail (63% to hit)
You throw a poisoned dart. The poisoned dart hits Terence.
Terence is poisoned.
Throw: 5 darts (poison)
Press: ? - help, Q - select action Shift-Dir - straight line, f/p - Terence
Aim: Terence, wielding a +2 antimagic flail and wearing a +0 scale mail (lightly wounded, poisoned, 63% to hit)
You throw a poisoned dart.
The poisoned dart closely misses Terence.
Throw: 4 darts (poison)
Press: ? - help, Q - select action Shift-Dir - straight line, f/p - Terence
Aim: Terence, wielding a +2 antimagic flail and wearing a +0 scale mail (lightly wounded, poisoned, 63% to hit)
You throw a poisoned dart. The poisoned dart hits Terence.
Terence is lightly wounded.
You hit Terence.
Terence is moderately wounded.
Terence looks scornfully at you.
Terence hits you with a +2 antimagic flail!
You feel your power leaking away.
You hit Terence.
Terence is heavily wounded.
Terence hits you with a +2 antimagic flail.
You barely miss Terence.
Terence is severely wounded.
Terence says, "You're history."
Terence hits you with a +2 antimagic flail!
Terence barely misses you.
You hit Terence but do no damage.
Terence is severely wounded.
Terence hits you with a +2 antimagic flail.
* * * LOW HITPOINT WARNING * * *
You barely miss Terence.
Terence is almost dead.
Terence completely misses you. Terence attacks as you move away!
Terence hits you with a +2 antimagic flail.
* * * LOW HITPOINT WARNING * * *
Terence looks more healthy.
You are confused.
You feel invigorated.
Terence hits you with a +2 antimagic flail!
You die...

..........................#
#.
#####........###########..#
#. # ########## #..# #. #
#..# #. ##########
..########..# #. #.........
#.@.....#...# #. ..########
#.#.#.# #. #.#
######(#...######. #.#
#@@.(....<.....##. #.#####
#.#######.####.#.. #.....#
##.## #.# #.#.#
..###.#########.#.## #.#
#.#.# #.#..†.....)...###.#
#.# #.#.#
#.#.#.#########.#.## #^#
#.... #.....# ##.## #.#
###.# ###.### ### #.# #.#
#.# #.# #.#


You could see Terence.

Vanquished Creatures
  A dart slug (D:1)
  8 ball pythons
  3 bats (D:1)
  5 endoplasms
  A goblin (D:1)
  5 hobgoblins
  4 kobolds
  2 quokkas (D:1)
  2 frilled lizards
  4 rats
35 creatures vanquished.

Notes
Turn   | Place    | Note
-------+----------+-------------------------------------------
     0 | D:1      | booth the Demonspawn Monk began the quest for the Orb.
     0 | D:1      | Reached XP level 1. HP: 18/18 MP: 1/1
   197 | D:1      | Gained mutation: Your demonic aura sometimes causes spilled
                  | blood to erupt in flames. [demonic ancestry]
   197 | D:1      | Reached XP level 2. HP: 19/24 MP: 2/2
   788 | D:1      | Reached XP level 3. HP: 24/29 MP: 3/3
  1349 | D:2      | Found a radiant altar of Vehumet.
  1556 | D:2      | Noticed Terence
  1573 | D:2      | Slain by Terence

Illustrated notes

Levels and vault maps discovered:
D:1:      beargit_arrival_diablo_church, layout_basic, grunt_decor_cap
D:2:      layout_loops_ring, basic_altar, minmay_misc_feat_five, uniq_terence,
          uniq_crazy_yiuf_cottage

Skill      XL: |  1  2 |
---------------+-------+-----
Axes           | 3 |  3.3
Dodging        | 3 |  3.1
Fighting       | |  3.3

Action                     || total
---------------------------++-------
  Melee: Hand axe          ||   101
  Throw: Dart              ||     3
    Use: Scroll            ||     4
         Potion            ||     2
   Stab: Sleeping          ||     2
 Armour: Robe              ||    19
  Dodge: Dodged            ||    63
  Block: Buckler           ||    10
